 Dungeon Crawl Stone Soup version 0.31.0-11-ge490571c62 (webtiles) character file.

Game seed: 12515500022697848417

239 Curundu the Chopper (level 5, 0/72 HPs)
             Began as a Minotaur Berserker on Feb 4, 2024.
             Was a Believer of Trog.
             Slain by a killer bee (2 damage)
             ... on level 4 of the Dungeon.
             The game lasted 00:05:49 (2291 turns).

Curundu the Chopper (Minotaur Berserker)            Turns: 2291, Time: 00:05:50

Health: 0/72       AC: 11    Str: 23    XL:     5   Next: 79%
Magic:  4/4        EV:  9    Int:  4    God:    Trog [**....]
Gold:   182        SH:  0    Dex: 10    Spells: 4/4 levels left

rFire   . . .        a - +0 hand axe
rCold   + . .        (no shield)
rNeg    . . .        r - +1 chain mail
rPois   .            h - +1 hat "Tatos" {rC+}
rElec   .            (no cloak)
rCorr   .            (no gloves)
SInv    .            (no boots)
Will    .....        (no amulet) Stlth
                     (no ring)
HPRegen 0.32/turn    (no ring)
MPRegen 0.09/turn

%: no passive effects
@: berserking, lethally poisoned (0 -> -9), very quick
A: horns 2, retaliatory headbutt
a: Renounce Religion, Berserk, Trog's Hand


You were on level 4 of the Dungeon.
You worshipped Trog.
Trog was pleased with you.
You visited 1 branch of the dungeon, and saw 4 of its levels.

You collected 182 gold pieces.

Inventory:

Hand Weapons
 a - a +0 hand axe (weapon)
Missiles
 o - a throwing net (quivered)
Armour
 h - the +1 hat "Tatos" (worn) {rC+}
   (You found it on level 1 of the Dungeon)

   rC+:       It protects you from cold.
 r - a +1 chain mail (worn)
Jewellery
 p - a ring of resist corrosion
Scrolls
 f - 7 scrolls of identify {unknown}
 j - a scroll of torment
 m - a scroll of revelation {unknown}
 n - a scroll of enchant weapon {unknown}
 q - a scroll of amnesia {unknown}
Potions
 b - 2 potions of enlightenment {unknown}
 c - 2 potions of degeneration {unknown}
 d - a potion of mutation {unknown}
 g - a potion of might {unknown}
 i - 2 potions of curing {unknown}
 k - a potion of lignification {unknown}


   Skills:
 + Level 5.0 Fighting
 + Level 5.8 Axes
 + Level 3.0 Armour
 + Level 3.1 Dodging
 + Level 1.4 Stealth


You had 4 spell levels left.
You didn't know any spells.
Your spell library was empty.

Dungeon Overview and Level Annotations

Branches:
Dungeon (4/15)
 Temple: D:4-7

Altars:
Cheibriados
Zin


Innate Abilities, Weirdness & Mutations

You have a pair of horns on your head.
You reflexively headbutt those who attack you in melee.


Message History

Your Dodging skill increases to level 3!
You miss the killer bee.
The killer bee is moderately wounded.
You miss the killer bee.
You feel sick.
The killer bee stings you but does no damage.
The killer bee stings you.
* * * LOW HITPOINT WARNING * * *
The killer bee barely misses you. The killer bee stings you.
* * * LOW HITPOINT WARNING * * *
You are lethally poisoned!
The killer bee poisons you!
A red film seems to cover your vision as you go berserk!
You feel yourself moving faster!
You feel mighty!
* * * LOW HITPOINT WARNING * * *
You feel very sick. The killer bee stings you.
* * * LOW HITPOINT WARNING * * *
The killer bee stings you but does no damage.
The killer bee closely misses you. The killer bee completely misses you.
You hit the killer bee. You headbutt the killer bee.
You kill the killer bee!
Trog accepts your kill.
You miss the killer bee.
You feel sick. The killer bee stings you.
* * * LOW HITPOINT WARNING * * *
You are more poisoned.
The killer bee poisons you!
Your Fighting skill increases to level 5!
Your Armour skill increases to level 3!
You barely miss the killer bee.
The killer bee is heavily wounded.
* * * LOW HITPOINT WARNING * * *
You feel very sick.
The killer bee stings you but does no damage.
You barely miss the killer bee.
The killer bee is heavily wounded.
* * * LOW HITPOINT WARNING * * *
You feel sick.
The killer bee stings you but does no damage.
The killer bee stings you.
You die...

###### ### ##....<##
#.######### ........#
#..#......# ........#
##.#.....## .......@##
#.......# .......y.#
#......## .........#
##.....# # ........##
#....## ## ........#
#....# #. ........#
##..## ##. ........#
#..(# ##.. ........#
#...###...
........########...##...


You could see a killer bee.

Vanquished Creatures
  2 killer bees (D:4)
  A bombardier beetle (D:4)
  A hound (D:2)
  An iguana (D:4)
  An adder (D:2)
  A ribbon worm (D:3)
  3 endoplasms
  2 giant cockroaches
  2 goblins
  9 hobgoblins
  2 jackals (D:1)
  3 quokkas
  8 ball pythons
  5 bats
  3 frilled lizards
  7 kobolds
  5 rats
56 creatures vanquished.

Notes
Turn   | Place    | Note
-------+----------+-------------------------------------------
     0 | D:1      | Curundu the Minotaur Berserker began the quest for the Orb.
     0 | D:1      | Reached XP level 1. HP: 19/19 MP: 0/0
   189 | D:1      | Reached XP level 2. HP: 27/27 MP: 1/1
   389 | D:1      | Found a faded altar of an unknown god.
   428 | D:1      | Identified the +1 hat "Tatos" {rC+}
   470 | D:1      | Reached ** piety under Trog
   796 | D:2      | Reached XP level 3. HP: 33/33 MP: 2/2
   816 | D:2      | HP: 1/33 [poisoned by an adder]
  1160 | D:2      | Reached XP level 4. HP: 36/41 MP: 3/3
  1238 | D:2      | You fall into a shaft and drop 1 floor!
  1397 | D:3      | Reached skill level 5 in Axes
  1779 | D:3      | Found a glowing silver altar of Zin.
  2104 | D:4      | Found a snail-covered altar of Cheibriados.
  2111 | D:4      | Reached skill level 1 in Stealth
  2279 | D:4      | Reached XP level 5. HP: 46/47 MP: 4/4
  2290 | D:4      | Reached skill level 5 in Fighting
  2291 | D:4      | HP: 2/72 [poisoned by a killer bee]
  2291 | D:4      | Slain by a killer bee

Illustrated notes

Levels and vault maps discovered:
D:1:      reono_arrival_forest_river, layout_basic,
          hellmonk_ecumenical_altar_lost_god, serial_park_tiny_2
D:2:      layout_rooms
D:3:      layout_rooms, overflow_temple_1_default,
          nicolae_elevator_lobby_asterisk
D:4:      layout_cave_pods, slow_altar_1, serial_shops,
          nicolae_shop_advertising_works [nicolae_subvault_shop_adworks]

Skill      XL: |  1  2  3  4  5 |
---------------+----------------+-----
Axes           | 4 5 |  5.8
Fighting       | 4 5 |  5.0
Stealth        | 1 |  1.4
Dodging        | 3 |  3.1
Armour         | 3 |  3.0

Action                     |  1- 3 |  4- 6 || total
---------------------------+-------+-------++-------
  Melee: Hand axe          |    72 |    40 ||   112
         Headbutt          |     8 |     8 ||    16
         Punch             |     2 |       ||     2
 Invoke: Berserk           |     1 |     1 ||     2
    Use: Scroll            |       |     3 ||     3
   Stab: Sleeping          |     1 |       ||     1
 Armour: Animal skin       |    43 |    10 ||    53
         Chain mail        |       |    33 ||    33
  Dodge: Dodged            |    64 |    24 ||    88
